 Dungeon Crawl Stone Soup version 0.17-a0-1638-g2ccaed7 (console) character file.

91 Monkaria the Conjurer (level 4, 0/24 HPs)
             Began as a Deep Elf Conjurer on Aug 8, 2015.
             Slain by an iron imp (9 damage)
             ... summoned by Natasha
             ... on level 2 of the Dungeon.
             The game lasted 00:03:10 (1992 turns).

Monkaria the Conjurer (Deep Elf Conjurer)           Turns: 1992, Time: 00:03:10

Health: 0/24       AC:  3    Str:  5    XL:     4   Next: 33%
Magic:  10/10      EV: 13    Int: 21    God:
Gold:   50         SH:  0    Dex: 15    Spells: 2 memorised, 6 levels left

rFire  . . .     SeeInvis .     (no weapon)
rCold  . . .     Clarity  .     a - +0 robe
rNeg   + . .     SustAt   .     (no shield)
rPois  .         Gourm    .     (no helmet)
rElec  .         Spirit   .     l - +0 cloak
rCorr  .         Warding  .     (no gloves)
rMut   .         Stasis   .     (no boots)
MR     .....                    (no amulet)
Stlth  ++........               (no ring)
                                t - ring of positive energy

@: not resistant to hostile enchantments, unstealthy
A: no striking features
a: no special abilities


You were on level 2 of the Dungeon.
You were not hungry.

You visited 1 branch of the dungeon, and saw 2 of its levels.

You collected 50 gold pieces.

Inventory:

Armour
 a - a +0 robe (worn)
 l - a +0 cloak (worn)
Jewellery
 o - an uncursed amulet of stasis
 t - a ring of positive energy (left hand)
Scrolls
 d - a scroll of enchant weapon {unknown}
 g - a scroll of fog {unknown}
 i - a scroll of immolation {unknown}
 j - 2 scrolls of teleportation {unknown}
 k - 2 scrolls of recharging {unknown}
 s - a scroll of remove curse {unknown}
Potions
 e - a potion of haste {unknown}
 f - a potion of curing {unknown}
 m - a potion of brilliance {unknown}
 n - a potion of heal wounds {unknown}
 p - a potion of ambrosia {unknown}
 q - a potion of agility {unknown}
 u - a potion of might {unknown}
Books
 b - a book of Conjurations

   Spells                             Type                      Level
   a - Magic Dart                     Conjuration                  1
   b - Searing Ray                    Conjuration                  2
   c - Dazzling Spray                 Conjuration/Hexes            3
   d - Fulminant Prism                Conjuration/Hexes            4
   e - Iskenderun's Mystic Blast      Conjuration                  4
   f - Iskenderun's Battlesphere      Conjuration/Charms           5
Comestibles
 c - a bread ration
 h - a beef jerky
 r - 3 chunks of flesh


   Skills:
 - Level 2.4 Dodging
 - Level 2.4 Stealth
 - Level 3.0 Spellcasting
 + Level 6.4 Conjurations


You had 6 spell levels left.
You knew the following spells:

 Your Spells              Type           Power        Failure   Level  Hunger
a - Magic Dart            Conj           ####         1%          1    None
b - Searing Ray           Conj           ####..       1%          2    ##.....


Dungeon Overview and Level Annotations

Branches:
Dungeon (2/15)

Altars:

Annotations:
D:2 Natasha


Message History

The white imp shouts, "Despair, thou peaked unchin-snouted bandersnitch!"
The white imp gestures at you. The puff of frost hits you!
The white imp gestures at you. The puff of frost hits you!
A magic dart appears from out of thin air!
The magic dart hits you! The white imp gestures at you.
The puff of frost hits something.
Reactivating autopickup.
You feel a bit more experienced.
The white imp disappears in a puff of smoke!
A goblin comes into view. It is wielding a dagger.
Natasha, Servant of Life and Death comes into view.
Natasha casts a spell.
You see here 22 arrows.
You hit the iron imp but do no damage.
Natasha casts a spell.
The iron imp hits you!
You die...

.#.......+....'..#'######## #.#
.#......##....##.#.# #..
.#.#'#####....##.#.# #..
.#.#.#####....##.#.############..
.#.#...............[.............
.................h........(.....)
...#.........§.#.#.#..........<..
...#.#####.###.#5#.#.#######..###
)..#.# #.# #.#@#.#.# #.......
...#.# #.# #.#.#.#.# #.#..###
.#.#.# #.# #.#(#.#.#####.#.....
.#†#.# #.# #.#.#.#.......#.####
...#.# #5# #.#.#.#########.....
#....# #.# #.#.#.# ###### #....#
#.# #.#.#.# #....# #.#
#...#.######
.....#####.#####........#


You could see an iron imp and Natasha.

Vanquished Creatures
  Natasha (D:2)
  An adder (D:2)
  A ball python (D:1)
  4 giant cockroaches
  11 goblins
  10 hobgoblins
  A jackal (D:2)
  5 kobolds
  7 bats
  3 giant newts
  6 rats
50 creatures vanquished.

Vanquished Creatures (others)
  Natasha (D:2)
1 creature vanquished.

Grand Total: 51 creatures vanquished

Notes
Turn   | Place    | Note
--------------------------------------------------------------
     0 | D:1      | Monkaria the Deep Elf Conjurer began the quest for the Orb.
     0 | D:1      | Reached XP level 1. HP: 10/10 MP: 6/6
   315 | D:1      | Reached XP level 2. HP: 12/15 MP: 0/8
   385 | D:1      | Reached skill level 5 in Conjurations
  1029 | D:2      | Reached XP level 3. HP: 19/19 MP: 5/9
  1362 | D:2      | Noticed Natasha
  1377 | D:2      | Killed Natasha
  1377 | D:2      | Reached skill level 6 in Conjurations
  1377 | D:2      | Reached XP level 4. HP: 2/24 MP: 0/10
  1381 | D:2      | Learned a level 2 spell: Searing Ray
  1952 | D:2      | Noticed Natasha
  1980 | D:2      | Killed Natasha
  1989 | D:2      | Noticed Natasha
  1992 | D:2      | Slain by an iron imp

Vault maps used:
D:1:      noname_arrival_rooms_in_the_neighbourhood, st_stairs_7,
          minmay_misc_feat_ornament
D:2:      ecumenical_altar_2, minmay_box_of_dots, uniq_natasha

Action                   |  1- 3 |  4- 6 || total
-------------------------+-------+-------++-------
Melee: Unarmed           |    13 |     4 ||    17
 Cast: Magic Dart        |    81 |    17 ||    98
       Searing Ray       |       |     2 ||     2
  Eat: Chunk             |     1 |     2 ||     3
